 Dungeon Crawl Stone Soup version 0.20.1-1-g8b1a95d (webtiles) character file.

8400 Andry07 the Protected (level 11, -1/72 HPs)
             Began as a Gargoyle Fighter on Oct 4, 2017.
             Was a High Priest of Okawaru.
             Killed by divine providence
             ... invoked by a smoke demon
              (11 damage)
             ... on level 2 of the Abyss.
             The game lasted 00:19:24 (8115 turns).

Andry07 the Protected (Gargoyle Fighter)            Turns: 8115, Time: 00:19:25

Health: -1/72      AC: 31    Str: 23    XL:     11   Next: 30%
Magic:  11/11      EV:  5    Int:  8    God:    Okawaru [*****.]
Gold:   536        SH:  9    Dex: 10    Spells: 10/10 levels left

rFire    . . .     SeeInvis .   C - +2 flail (protect)
rCold    . . .     Gourm    .   c - +0 shield
rNeg     + . .     Faith    .   q - +0 plate armour
rPois    ∞         Spirit   .   r - +0 helmet (curse)
rElec    +         Reflect  .   (no cloak)
rCorr    +         Harm     .   Q - +0 pair of gloves
MR       .....                  F - +0 pair of boots
Stlth    ..........             (no amulet)
Regen    0.3/turn               b - +3 ring of protection
MPRegen  0.2/turn               L - ring of resist corrosion

@: drained
A: negative energy resistance 1, electricity resistance, unbreathing,
petrification resistance, rot immunity, AC +7
a: Heroism, Finesse, Renounce Religion


You were on level 2 of the Abyss.
You worshipped Okawaru.
Okawaru was extremely pleased with you.
You were very hungry.

You visited 2 branches of the dungeon, and saw 11 of its levels.
You visited the Abyss 1 time.

You collected 536 gold pieces.

Inventory:

Hand Weapons
 w - the +1 spear of Honour {vamp, *Corrode Int+2 Dex+8, unknown}
   (You found it on level 4 of the Dungeon)

   It inflicts no extra harm, but heals its wielder when it wounds a living foe.
   It affects your intelligence (+2).
   It affects your dexterity (+8).
   It may corrode you when you take damage.
 C - a +2 flail of protection (weapon)
 R - a +0 scimitar of flaming
Armour
 c - a +0 shield (worn)
 q - a +0 plate armour (worn)
 r - a cursed +0 helmet (worn)
 F - a +0 pair of boots (worn)
 Q - a +0 pair of gloves (worn)
Jewellery
 b - a +3 ring of protection (left hand)
 L - a ring of resist corrosion (right hand)
Wands
 B - a wand of iceblast (7/15)
 E - a wand of flame (34/48)
 G - a wand of flame (28/48)
 J - a wand of lightning (12/15)
 M - a wand of acid (3/15)
 N - a wand of acid (9/15)
 O - a wand of polymorph (14/24)
 P - a wand of polymorph (7/24)
 T - a wand of lightning (8/15)
Scrolls
 a - a scroll of brand weapon {unknown}
 e - 2 scrolls of immolation {unknown}
 h - 4 scrolls of remove curse {unknown}
 i - 2 scrolls of amnesia {unknown}
 j - 7 scrolls of identify {unknown}
 k - 2 scrolls of magic mapping {unknown}
 l - 3 scrolls of recharging {unknown}
 t - a scroll of enchant weapon {unknown}
 u - a scroll of blinking {unknown}
 x - a scroll of fog {unknown}
 y - 2 scrolls of enchant armour {unknown}
 z - a scroll of vulnerability {unknown}
 A - 3 scrolls of teleportation {unknown}
 U - a scroll of noise {unknown}
 V - a scroll of random uselessness {unknown}
Potions
 d - a potion of might
 m - a potion of cancellation {unknown}
 n - 2 potions of agility {unknown}
 o - a potion of heal wounds
 p - 2 potions of flight {unknown}
 s - 2 potions of invisibility {unknown}
 v - 2 potions of lignification {unknown}
 D - a potion of curing {unknown}
 I - a potion of haste {unknown}
 K - a potion of magic {unknown}
Books
 S - a book of Cantrips

   Spells                             Type                      Level
   a - Confusing Touch                Hexes                        1
   b - Animate Skeleton               Necromancy                   1
   c - Summon Small Mammal            Summoning                    1
   d - Apportation                    Translocation                1
Comestibles
 f - 6 bread rations
 g - 3 meat rations
 H - 2 royal jellies


   Skills:
 - Level 10.0(9.6) Fighting
 + Level 7.4(7.1) Maces & Flails
 - Level 14.1(13.7) Armour
 - Level 3.2(3.0) Shields


You had 10 spell levels left.
You didn't know any spells.

Dungeon Overview and Level Annotations

Branches:
Dungeon (10/15)            Temple (1/1) D:6            Lair (0/6) D:9
    Orc: D:9-12

Altars:
Ashenzari
Cheibriados
Dithmenos
Elyvilon
Fedhas
Gozag
Hepliaklqana
Kikubaaqudgha
Makhleb
Nemelex Xobeh
Okawaru
Qazlal
Ru
Sif Muna
Trog
Uskayaw
Vehumet
Xom
Yredelemnul
Zin
The Shining One

Shops:
D:9 [

Annotations:
D:10 Internecine's ghost, journeyman DrHu; Sonja


Innate Abilities, Weirdness & Mutations

You are resistant to torment.
Your stone body is resilient. (AC +7)
You are immune to poison.
You resist negative energy. (rN+)
You are resistant to electric shocks. (rElec)
You can survive without breathing.
You are immune to petrification.
You are immune to rotting.


Message History

You block the quasit's attack.
The quasit claws you but does no damage.
You block the quasit's attack.
You enter the shallow water.
Moving in this stuff is going to be slow.
The smoke demon gestures at you. Something smites you!
* * * LOW HITPOINT WARNING * * *
The quasit barely misses you. x2
The quasit claws you but does no damage.
The quasit bites you but does no damage.
You block the quasit's attack.
The quasit claws you but does no damage.
The quasit bites you but does no damage.
The quasit closely misses you. You block the quasit's attack.
The smoke demon gestures at you. The ball of steam hits you!
The smoke demon gestures at you. Something smites you!
You die...

.###.....# #...
....# ##..# ....
##...##...#
##...≈≈≈.#
#..#3≈≈≈#####
##x.≈≈≈#..#
##.####5##≈4≈X...#
#....@.#..≈≈≈...##
################..
.x{.. .##.# #. #x#
#5##X# # ..3. ##..
#...


You could see a smoke demon, a small abomination and a quasit.

Vanquished Creatures
  3 two-headed ogres
  Erica (D:8)
  Pikel (D:4)
  An ancient zyme (Abyss:2)
  Grinder (D:5)
  A hippogriff (D:9)
  6 yaks
  Grum (D:8)
  A hungry ghost (D:8)
  Edmund (D:5)
  Menkaure (D:7)
  A water moccasin (D:7)
  A sky beast (D:8)
  3 ice beasts
  4 orc warriors
  A black bear (D:8)
  4 ogres
  3 wolves
  4 centaurs
  2 crocodiles (D:9)
  A bullfrog (D:7)
  A wyvern zombie (D:7)
  2 scorpions
  An electric eel (D:10)
  2 crimson imps
  A bullfrog skeleton (D:4)
  A quasit (D:6)
  A hound (D:9)
  3 jellies
  8 orc priests
  A gnoll shaman (D:9)
  3 orc wizards
  A centaur skeleton (D:5)
  3 iguanas
  8 worker ants
  A hound zombie (D:5)
  A hound skeleton (D:5)
  A worker ant zombie (D:5)
  4 gnolls (D:9)
  12 adders
  A shadow imp (D:6)
  An adder zombie (D:5)
  An adder skeleton (D:9)
  4 worms
  2 dart slugs (D:1)
  6 leopard geckos
  41 orcs
  9 bats
  8 giant cockroaches
  10 goblins
  4 hobgoblins
  5 jackals
  2 quokkas
  5 frilled lizards
  A jackal skeleton (D:6)
  8 kobolds
  A leopard gecko skeleton (D:4)
  8 rats
214 creatures vanquished.

Vanquished Creatures (others)
  A slave (D:4)
  An orc wizard (D:8)
  A worker ant (D:4)
  A giant cockroach (D:4)
4 creatures vanquished.

Grand Total: 218 creatures vanquished

Notes
Turn   | Place    | Note
-------+----------+-------------------------------------------
     0 | D:1      | Andry07 the Gargoyle Fighter began the quest for the Orb.
     0 | D:1      | Reached XP level 1. HP: 14/14 MP: 1/1
    72 | D:1      | Reached XP level 2. HP: 19/20 MP: 2/2
   563 | D:1      | Reached XP level 3. HP: 23/24 MP: 3/3
   843 | D:2      | Reached skill level 5 in Fighting
  1079 | D:2      | Reached XP level 4. HP: 31/31 MP: 4/4
  1674 | D:3      | Reached XP level 5. HP: 32/36 MP: 5/5
  2293 | D:4      | Reached XP level 6. HP: 42/44 MP: 6/6
  2298 | D:4      | Noticed a slave
  2299 | D:4      | Noticed Pikel
  2309 | D:4      | Noticed a slave
  2366 | D:4      | Killed Pikel
  2366 | D:4      | Reached XP level 7. HP: 28/52 MP: 7/7
  2510 | D:4      | Got a fine spear
  2636 | D:4      | Found a sacrificial altar of Ru.
  2681 | D:4      | Reached skill level 10 in Fighting
  2691 | D:4      | Reached skill level 4 in Armour
  2691 | D:4      | Reached XP level 8. HP: 49/57 MP: 8/8
  2742 | D:4      | Found a basalt altar of Yredelemnul.
  3048 | D:5      | Entered Level 5 of the Dungeon
  3048 | D:5      | Noticed Grinder
  3217 | D:5      | Reached skill level 5 in Armour
  3392 | D:5      | Noticed Edmund
  3432 | D:5      | Killed Edmund
  3432 | D:5      | Reached skill level 6 in Armour
  3471 | D:5      | Paralysed by Grinder for 7 turns
  3502 | D:5      | Killed Grinder
  3502 | D:5      | Reached skill level 7 in Armour
  3659 | D:5      | Found a shadowy altar of Dithmenos.
  3813 | D:6      | Found a radiant altar of Vehumet.
  3869 | D:6      | Found a staircase to the Ecumenical Temple.
  3880 | Temple   | Entered the Ecumenical Temple
  4005 | Temple   | Became a worshipper of Warmaster Okawaru
  4139 | D:6      | Found a white marble altar of Elyvilon.
  4222 | D:6      | Reached skill level 8 in Armour
  4330 | D:6      | Reached XP level 9. HP: 59/62 MP: 9/9
  4433 | D:7      | Reached skill level 9 in Armour
  4472 | D:7      | Noticed Menkaure
  4479 | D:7      | Killed Menkaure
  4526 | D:7      | Found an ancient bone altar of Kikubaaqudgha.
  4744 | D:7      | Reached * piety under Okawaru
  4873 | D:7      | Reached skill level 10 in Armour
  5254 | D:8      | Noticed Grum
  5258 | D:8      | Reached skill level 11 in Armour
  5270 | D:8      | Reached ** piety under Okawaru
  5292 | D:8      | Killed Grum
  5508 | D:8      | Noticed a two-headed ogre
  5517 | D:8      | Killed a two-headed ogre
  5517 | D:8      | Reached skill level 12 in Armour
  5517 | D:8      | Reached XP level 10. HP: 67/68 MP: 10/10
  5523 | D:8      | Noticed Erica
  5544 | D:8      | Killed Erica
  5544 | D:8      | Reached *** piety under Okawaru
  5544 | D:8      | Reached skill level 13 in Armour
  5958 | D:8      | Noticed a two-headed ogre
  5968 | D:8      | Killed a two-headed ogre
  6543 | D:8      | Reached skill level 14 in Armour
  6704 | D:8      | Reached **** piety under Okawaru
  6983 | D:9      | Found Muhuaf's Armour Shoppe.
  7007 | D:9      | Noticed a two-headed ogre
  7022 | D:9      | Killed a two-headed ogre
  7022 | D:9      | Reached XP level 11. HP: 68/72 MP: 11/11
  7061 | D:9      | Found a staircase to the Lair.
  7081 | D:9      | Reached skill level 5 in Maces & Flails
  7117 | D:9      | Reached ***** piety under Okawaru
  7315 | D:10     | Entered Level 10 of the Dungeon
  7814 | D:10     | Noticed Sonja
  7814 | D:10     | Noticed Internecine's ghost (journeyman DrHu)
  7844 | D:10     | Cast into level 2 of the Abyss (Sonja)
  7928 | Abyss:2  | Noticed a green very ugly thing
  7966 | Abyss:2  | Noticed a worldbinder
  7966 | Abyss:2  | Noticed a reaper
  7986 | Abyss:2  | Noticed a mana viper
  7996 | Abyss:2  | Noticed a white very ugly thing
  8001 | Abyss:2  | Noticed an eidolon
  8054 | Abyss:2  | Noticed a large abomination
  8081 | Abyss:2  | Noticed a salamander
  8115 | Abyss:2  | Killed from afar by a smoke demon

Skill      XL: |  1  2  3  4  5  6  7  8  9 10 11 |
---------------+----------------------------------+-----
Fighting       | 4 5 6 7 9 10 | 10.0
Armour         | 4 8 12 14 | 14.1
Maces & Flails | 4 7 |  7.4
Shields        | |  3.2

Action                   |  1- 3 |  4- 6 |  7- 9 | 10-12 || total
-------------------------+-------+-------+-------+-------++-------
Melee: Flail             |   178 |   271 |   429 |   395 ||  1273
  Use: Potion            |       |       |       |     1 ||     1
  Eat: Chunk             |     1 |     5 |     9 |     9 ||    24
       Royal jelly       |       |       |     1 |     1 ||     2
Armor: Scale mail        |   120 |    19 |       |       ||   139
       Plate armour      |       |   185 |   329 |   365 ||   879
Dodge: Dodged            |    75 |    42 |    85 |    99 ||   301
Block: Shield            |   115 |   138 |   243 |   234 ||   730
